Map: Paladino Terminal LE

Players

Musumeci

  • Race: Zerg Zerg
  • League: Diamond
  • Spawn Location: 5:00

OMoS - Winner!

  • Race: Protoss Protoss
  • League: Diamond
  • Spawn Location: 9:00

VOD

Have the link to the VOD?

Description

Time

  • Played on: April 2, 2017, 2:56 p.m.
  • Length: 8:16
Show
View Real Time Build Order
Export as new Build Order

Musumeci Zerg 

Build Orders: Hatch First 

Get SALT Encoding   

  12  0:06  Drone  
  13  0:17  Overlord  
  13  0:20  Drone  
  14  0:27  Drone, Extractor  
  16  0:35  Drone  
  16  0:39  Drone  
  17  1:12  Hatchery  
  17  1:13  Drone  
  17  1:16  Spawning Pool  
  17  1:17  Drone  
  17  1:18  Extractor  
  17  1:23  Drone  
  17  1:26  Drone  
  18  2:04  Queen  
  18  2:06  Drone  
  18  2:07  Drone  
  22  2:24  Queen  
  24  2:33  Drone x3  
  24  2:36  Zergling x2  
  28  2:46  Metabolic Boost  
  28  3:18  Overlord  
  28  3:19  Overlord  
  28  3:35  Roach Warren  
  28  3:36  Drone x6  
  28  3:37  Drone x5  
  38  3:44  Zergling x6  
  40  3:57  Overlord  
  40  3:58  Overlord  
  40  4:00  Overlord  
  40  4:15  Hatchery  
  40  4:16  Zergling x6  
  42  4:17  Zergling x2  
  42  4:18  Zergling x4  
  42  4:19  Zergling x2  
  42  4:20  Zergling x2  
  43  4:44  Zergling x6  
  43  4:45  Zergling x4  
  41  5:04  Roach x2  
  41  5:05  Roach x6  
  48  5:32  Spore Crawler  
  48  5:34  Drone x4  
  50  5:47  Drone x3  
  49  5:53  Drone  
  49  5:54  Drone x2  
  51  6:02  Drone  
  51  6:03  Drone x2  
  54  6:08  Queen  
  54  6:11  Roach x2  
  60  6:13  Extractor  
  60  6:16  Extractor  
  58  6:34  Overlord x2  
  58  6:35  Overlord x2  
  53  7:18  Drone x8  
  53  7:19  Drone x5  
  66  7:35  Queen  
  66  7:42  Drone  
  66  7:43  Drone x6  
  69  7:56  Drone x3  
  69  7:57  Drone  
Show
View Real Time Build Order
Export as new Build Order

OMoS Protoss - Winner!

Build Orders: 1 Gate Expand 

Get SALT Encoding   

  12  0:02  Probe (Chrono Boost)  
  13  0:12  Probe (Chrono Boost)  
  14  0:19  Pylon  
  14  0:25  Probe (Chrono Boost)  
  15  0:38  Probe (Chrono Boost)  
  16  0:54  Gateway  
  16  0:55  Probe (Chrono Boost)  
  17  1:06  Probe (Chrono Boost)  
  18  1:16  Probe (Chrono Boost)  
  19  1:22  Nexus  
  19  1:30  Pylon  
  19  1:38  Probe (Chrono Boost)  
  20  1:40  Assimilator  
  20  1:57  Probe (Chrono Boost)  
  21  2:07  Cybernetics Core, Probe (Chrono Boost)  
  21  2:11  Assimilator  
  21  2:17  Pylon  
  21  2:18  Probe (Chrono Boost)  
  22  2:28  Probe (Chrono Boost)  
  23  2:35  Probe (Chrono Boost)  
  24  2:39  Probe (Chrono Boost)  
  24  2:43  Gateway  
  25  2:45  Gateway  
  27  2:51  Pylon  
  27  3:00  Mothership Core (Chrono Boost), Probe (Chrono Boost)  
  27  3:02  Stalker  
  30  3:11  Warp Gate, Probe (Chrono Boost)  
  31  3:18  Probe (Chrono Boost)  
  32  3:21  Probe (Chrono Boost)  
  33  3:28  Probe (Chrono Boost)  
  33  3:31  Adept  
  33  3:32  Adept, Probe (Chrono Boost)  
  39  3:36  Adept  
  41  3:52  Probe x2 (Chrono Boost)  
  43  4:00  Robotics Facility  
  45  4:02  Probe (Chrono Boost)  
  45  4:03  Probe (Chrono Boost)  
  45  4:05  Adept x2  
  49  4:12  Adept  
  49  4:13  Probe x2 (Chrono Boost)  
  53  4:23  Probe (Chrono Boost)  
  54  4:24  Pylon  
  54  4:43  Probe x2 (Chrono Boost)  
  56  4:46  Adept x3  
  58  4:53  Probe (Chrono Boost)  
  55  5:13  Adept  
  57  5:27  Warp Prism  
  57  5:40  Stalker  
  57  5:41  Stalker  
  57  5:52  Probe x2 (Chrono Boost)  
  55  5:57  Assimilator  
  55  5:58  Pylon  
  55  6:03  Probe x2 (Chrono Boost), Immortal  
  61  6:04  Forge  
  61  6:05  Forge  
  61  6:07  Assimilator  
  61  6:09  Pylon  
  61  6:26  Stalker x3  
  61  6:30  Gateway  
  67  6:33  Gateway  
  67  6:34  Nexus  
  67  6:36  Gateway  
  67  6:37  Pylon  
  67  6:39  Mothership Core (Chrono Boost)  
  69  6:43  Gateway  
  69  6:48  Immortal  
  73  7:07  Stalker x2  
  77  7:18  Probe (Chrono Boost)  
  77  7:19  Probe (Chrono Boost)  
  79  7:29  Probe (Chrono Boost)  
  80  7:38  Stalker x2  
  80  7:39  Stalker  
  80  7:44  Probe x2 (Chrono Boost)  
  86  7:54  Probe (Chrono Boost)  
  81  8:08  Adept x3  
  81  8:09  Adept x3  
  89  8:16  Gateway  
Tags
 
Add a new tag
Caveats
  • Supply blocks, unpowered buildings, or Contaminate may cause inaccurate times.
  • Supply counts are checked every 10 seconds.